 Dungeon Crawl Stone Soup version 0.17-a0-1979-g1c74939 (webtiles) character file.

166 George the Slasher (level 5, 0/38 HPs)
             Began as a Demonspawn Gladiator on Oct 5, 2015.
             Was an Initiate of Makhleb.
             Slain by Blork the orc
             ... wielding a cursed +0 halberd
              (5 damage)
             ... on level 4 of the Dungeon.
             The game lasted 00:05:20 (3478 turns).

George the Slasher (Demonspawn Gladiator)           Turns: 3478, Time: 00:05:20

Health: 0/38       AC:  9    Str: 17    XL:     5   Next: 22%
Magic:  0/5        EV:  9    Int:  9    God:    Makhleb [......]
Gold:   117        SH:  8    Dex: 13    Spells: 0 memorised, 4 levels left

rFire  . . .     SeeInvis .     a - +1 long sword
rCold  . . .     Clarity  .     t - +0 scale mail
rNeg   . . .     SustAt   .     r - +2 buckler
rPois  .         Gourm    .     (helmet restricted)
rElec  .         Spirit   +     (no cloak)
rCorr  .         Warding  .     (no gloves)
rMut   .         Stasis   .     (no boots)
MR     .....                    (no amulet)
Stlth  ..........               (no ring)
                                (no ring)

@: not resistant to hostile enchantments, extremely unstealthy
A: horns 1, large bone plates 2, magic shield
a: Renounce Religion


You were on level 4 of the Dungeon.
You worshipped Makhleb.
Makhleb was noncommittal.
You were not hungry.

You visited 2 branches of the dungeon, and saw 5 of its levels.

You collected 117 gold pieces.

Inventory:

Hand Weapons
 a - a +1 long sword (weapon)
Missiles
 d - 3 throwing nets (quivered)
Armour
 r - a +2 buckler (worn)
 t - a +0 scale mail (worn)
Wands
 v - a wand of confusion (23)
Scrolls
 g - a scroll of enchant weapon
 h - a scroll of fear
 s - a scroll of teleportation
Potions
 f - 4 potions of curing
 i - a potion of mutation {unknown}
 l - a potion of invisibility {unknown}
 n - 2 potions of cancellation {unknown}
 q - 3 potions of might {unknown}
Comestibles
 e - 2 bread rations


   Skills:
 - Level 2.0 Fighting
 + Level 5.3 Long Blades
 - Level 1.7 Throwing
 - Level 2.6 Dodging
 + Level 1.1 Invocations


You had 4 spell levels left.
You didn't know any spells.

Dungeon Overview and Level Annotations

Branches:
Dungeon (4/15)             Temple (1/1) D:4

Altars:
Ashenzari
Cheibriados
Elyvilon
Gozag
Makhleb
Okawaru
Qazlal
Sif Muna
Trog
Vehumet
Xom
Zin
The Shining One

Annotations:
D:4 Blork the orc


Innate Abilities, Weirdness & Mutations

You have a pair of small horns on your head.
You are mostly covered in large bone plates (AC +3, SH +3).
When hurt, damage is shared between your health and your magic reserves.


Message History

Blork the orc hits you with a halberd.
* * * LOW HITPOINT WARNING * * *
Blork the orc barely misses you.
You slash Blork the orc!
Blork the orc is severely wounded.
Blork the orc barely misses you.
You hit Blork the orc.
Blork the orc is almost dead.
You block Blork the orc's attack.
Blork the orc screams, "I'll make a cloak from your skin!"
Blork the orc gestures wildly while chanting.
Blork the orc flickers and vanishes!
Deactivating autopickup; reactivate with Ctrl-A.
You closely miss something. You headbutt something. Something hits you.
* * * LOW HITPOINT WARNING * * *
You closely miss something.
You hear some strange, mumbled words.
A puff of flame appears from out of thin air!
You block the puff of flame. Something hits you.
You die...

################
#.......##<....#
#{......######.#
#.@......#####.###
#........#.......##
##♣#♣#♣#♣#♣#♣...(.............
#.............#...........####
#.♣#♣#♣#♣#♣#♣##...........##*,
#.# #####.......#....#*,
#.########♣.♣.♣.♣..........##.
#.............†....##.........
#########.♣.♣.♣.♣..##....[.##.


There were no monsters in sight!

Vanquished Creatures
  2 worker ants (D:4)
  3 adders
  A shadow imp (D:3)
  2 oozes
  An adder skeleton (D:4)
  A worm (D:4)
  6 orcs
  4 giant cockroaches
  9 goblins
  8 hobgoblins
  5 jackals
  4 bats
  5 giant newts
  2 kobolds (D:1)
  7 rats
60 creatures vanquished.

Notes
Turn   | Place    | Note
--------------------------------------------------------------
     0 | D:1      | George the Demonspawn Gladiator began the quest for the Orb.
     0 | D:1      | Reached XP level 1. HP: 16/16 MP: 1/1
    19 | D:1      | Reached skill level 3 in Long Blades
   128 | D:1      | Gained mutation: You have a pair of small horns on your head. [demonic ancestry]
   128 | D:1      | Reached XP level 2. HP: 9/22 MP: 2/2
   997 | D:2      | Gained mutation: You are partially covered in large bone plates (AC +2, SH +2). [demonic ancestry]
   997 | D:2      | Reached XP level 3. HP: 14/27 MP: 3/3
  1178 | D:2      | Reached skill level 4 in Long Blades
  1574 | D:2      | Found a snail-covered altar of Cheibriados.
  2108 | D:3      | Gained mutation: When hurt, damage is shared between your health and your magic reserves. [demonic ancestry]
  2108 | D:3      | Reached XP level 4. HP: 31/33 MP: 4/4
  2419 | D:3      | Found a glowing golden altar of the Shining One.
  2419 | D:3      | Found a white marble altar of Elyvilon.
  2421 | D:3      | Found a bloodstained altar of Trog.
  2465 | D:3      | Found a stormy altar of Qazlal.
  2738 | D:3      | Found a shimmering altar of Xom.
  2738 | D:3      | Found a shimmering altar of Xom.
  2739 | D:3      | Found a shimmering altar of Xom.
  2740 | D:3      | Found a shimmering altar of Xom.
  3011 | D:4      | Found a glowing silver altar of Zin.
  3022 | D:4      | Reached skill level 5 in Long Blades
  3042 | D:4      | Noticed a centaur
  3121 | D:4      | Gained mutation: You are mostly covered in large bone plates (AC +3, SH +3). [demonic ancestry]
  3121 | D:4      | Reached XP level 5. HP: 29/38 MP: 3/5
  3229 | D:4      | Found a staircase to the Ecumenical Temple.
  3248 | Temple   | Entered the Ecumenical Temple
  3259 | Temple   | Became a worshipper of Makhleb the Destroyer
  3324 | D:4      | Reached skill level 1 in Invocations
  3468 | D:4      | Noticed Blork the orc
  3478 | D:4      | Slain by Blork the orc

Vault maps used:
D:1:      minmay_arrival_stone_box
D:2:      cheibriados_altar_1, kennysheep_minor_cross,
          hangedman_abyss_or_decor_stabs
D:3:      grunt_temple_overflow_open, grunt_qazlal_sundering, xom_redecorated
D:4:      fedhas_bush_and_centaur_altar, zin_academy,
          minmay_temple_entry_large_hall, serial_forest,
          infiniplex_forest_straight_1, infiniplex_forest_lined_2,
          infiniplex_forest_lined_room_, infiniplex_forest_side_room,
          infiniplex_forest_lined_3, infiniplex_forest_side_room,
          infiniplex_forest_clump_double, uniq_crazy_yiuf_cottage,
          uniq_blork_the_orc, uniq_duvessa
Temple:   nicolae_temple_no_exploring_needed

Action                   |  1- 3 |  4- 6 || total
-------------------------+-------+-------++-------
Melee: Long sword        |   113 |    64 ||   177
  Use: Scroll            |     5 |     3 ||     8
 Stab: Sleeping          |     2 |       ||     2
  Eat: Chunk             |     3 |     5 ||     8
